[Event "Titled Tuesday Blitz April 18 Early 2023"]
[White "Svane, Rasmus"]
[Black "Mahdavi, Reza"]
[WhiteFideId "4657101"]
[BlackFideId "12595926"]
[WhiteElo "2597"]
[BlackElo "2357"]
[Result "1-0"]
[Round "08"]
[TimeControl "180+2"]
[Date "2023.04.18"]
[WhiteClock "0:00:22"]
[BlackClock "0:00:02"]

1. Nf3 Nf6 2. g3 g6 3. Bg2 Bg7 4. O-O O-O 5. d4 d6 6. Re1 c6 7. e4 e5 8. Nc3 Qc7 9. a4 Nbd7 10. h3 Re8 11. Be3 h6 12. Qd2 Kh7 13. Rad1 exd4 14. Bxd4 Ne5 15. Nh2 Be6 16. f4 Nc4 17. Qc1 Nh5 18. b3 Bxd4+ 19. Rxd4 Qa5 20. Ne2 Nb6 21. g4 Nf6 22. Red1 Rad8 23. Ng3 Bc8 24. Qd2 Qxd2 25. R4xd2 d5 26. c4 g5 27. fxg5 hxg5 28. a5 Nbd7 29. exd5 Nc5 30. dxc6 Rxd2 31. Rxd2 Nxb3 32. Rb2 Nxa5 33. cxb7 Bxb7 34. Bxb7 Nxc4 35. Ra2 Re1+ 36. Kf2 Re7 37. Ba6 Ne5 38. Nf3 Ng6 39. Bd3 Rd7 40. Bf5 Re7 41. Ra6 Kg7 42. Nxg5 Nf4 43. h4 Rc7 44. h5 N4d5 45. N3e4 Nb6 46. Nxf6 Kxf6 47. Nf3 Kg7 48. g5 Rc5 49. Be4 Rc4 50. Ke3 Rc7 51. h6+ Kg8 52. Kf4 Re7 53. Ne5 Re8 54. Rxa7 1-0


[Site "https://www.chess.com"]

[Event "Titled Tuesday Blitz April 18 Early 2023"]
[White "Kramnik, Vladimir"]
[Black "Hambleton, Aman"]
[WhiteFideId "4101588"]
[BlackFideId "2606577"]
[WhiteElo "2712"]
[BlackElo "2511"]
[Result "1-0"]
[Round "08"]
[TimeControl "180+2"]
[Date "2023.04.18"]
[WhiteClock "0:00:48"]
[BlackClock "0:00:01"]

1. e4 b6 2. d4 Bb7 3. Bd3 e6 4. Nf3 d5 5. e5 Ba6 6. Bxa6 Nxa6 7. Qe2 Nb8 8. O-O Ne7 9. a4 c5 10. Rd1 c4 11. Nc3 Nbc6 12. Bg5 Qd7 13. Nb5 Ng6 14. h4 a6 15. h5 axb5 16. axb5 Na5 17. hxg6 fxg6 18. Bd2 Be7 19. b4 cxb3 20. cxb3 O-O 21. Bxa5 bxa5 22. Rdc1 Rfb8 23. Rc6 Ra7 24. Qc2 Bb4 25. Ng5 Re8 26. Rc1 h6 27. b6 Rb7 28. Rc7 Rxc7 29. Qxc7 Qxc7 30. bxc7 1-0


[Site "https://www.chess.com"]

[Event "Titled Tuesday Blitz April 18 Early 2023"]
[White "Ivanchuk, Vasyl"]
[Black "Harsh Suresh"]
[WhiteFideId "14100010"]
[BlackFideId "45018464"]
[WhiteElo "2710"]
[BlackElo "2227"]
[Result "1-0"]
[Round "08"]
[TimeControl "180+2"]
[Date "2023.04.18"]
[WhiteClock "0:00:48"]
[BlackClock "0:00:05"]

1. c4 g6 2. d4 Bg7 3. Nc3 d6 4. e4 Nd7 5. Be3 e5 6. Nge2 Ne7 7. Qd2 b6 8. O-O-O Bb7 9. f3 c6 10. h4 h5 11. d5 cxd5 12. cxd5 a6 13. Kb1 b5 14. Nc1 Ng8 15. g4 Bh6 16. g5 Bg7 17. Nb3 Ne7 18. a3 O-O 19. Na2 Qb8 20. Na5 Rc8 21. Bh3 Rc7 22. Nb4 Bc8 23. Nac6 Nxc6 24. dxc6 Nb6 25. Bxb6 Qxb6 26. Nd5 Qxc6 27. Nxc7 Qxc7 28. Qxd6 Qb7 29. Bxc8 Rxc8 30. Rc1 Re8 31. Rc7 Qb8 32. Qd7 Rf8 33. Rhc1 Qb6 34. Rc8 Qf2 35. R1c3 Qxh4 36. Qe7 Qe1+ 37. Ka2 Qe2 38. R3c7 Qxf3 39. Rxf8+ Bxf8 40. Rc8 Qxe4 41. Qxf8+ Kh7 42. Qh6# 1-0


[Site "https://www.chess.com"]

[Event "Titled Tuesday Blitz April 18 Early 2023"]
[White "Yuan, Qingyu"]
[Black "Ibarra Jerez, Jose Carlos"]
[WhiteFideId "8609772"]
[BlackFideId "2226332"]
[WhiteElo "2359"]
[BlackElo "2638"]
[Result "0-1"]
[Round "08"]
[TimeControl "180+2"]
[Date "2023.04.18"]
[WhiteClock "0:00:03"]
[BlackClock "0:00:13"]

1. e4 c5 2. Nf3 Nc6 3. Bb5 e6 4. O-O Nge7 5. Re1 Nd4 6. Nxd4 cxd4 7. c3 a6 8. Bd3 Nc6 9. b4 Bd6 10. Bb2 Qc7 11. h3 Bh2+ 12. Kh1 Be5 13. Qb3 dxc3 14. dxc3 O-O 15. a4 b6 16. Nd2 Bb7 17. Nf3 Rac8 18. Rad1 d6 19. Bb1 Bf6 20. Ba3 Rfd8 21. Rc1 b5 22. axb5 axb5 23. c4 bxc4 24. Rxc4 Qb6 25. Qe3 Qxe3 26. Rxe3 Ba6 27. Rc1 Nd4 28. Ree1 Nxf3 29. gxf3 Bd4 30. Kg2 Bb5 31. Red1 e5 32. Bd3 Ba4 33. Rxc8 Rxc8 34. Rc1 Rxc1 35. Bxc1 Kf8 36. Bc4 Ke7 37. Kf1 Bd1 38. Kg2 f6 39. f4 Kd7 40. f5 Ba4 41. Kf3 Bc6 42. Bg8 h6 43. Be3 Bc3 44. Bb6 Bxb4 45. Be6+ Ke7 46. Bc4 Bc5 47. Ba5 Kd7 48. Be6+ Ke7 49. Bc7 Bb4 50. Bb6 Bd7 51. Bd5 Be8 52. Bc6 Bxc6 0-1


[Site "https://www.chess.com"]

[Event "Titled Tuesday Blitz April 18 Early 2023"]
[White "Durarbayli, Vasif"]
[Black "Manukyan, Sargis A."]
[WhiteFideId "13402935"]
[BlackFideId "13303970"]
[WhiteElo "2551"]
[BlackElo "2187"]
[Result "1-0"]
[Round "08"]
[TimeControl "180+2"]
[Date "2023.04.18"]
[WhiteClock "0:00:15"]
[BlackClock "0:00:02"]

1. e4 c5 2. Nf3 d6 3. d4 cxd4 4. Nxd4 Nf6 5. Nc3 g6 6. Be3 Bg7 7. f3 O-O 8. Qd2 Nc6 9. Bc4 Bd7 10. g4 Rc8 11. Be2 Nxd4 12. Bxd4 b5 13. Nxb5 Rb8 14. Nxa7 Qc7 15. c4 Bxg4 16. Nb5 Qb7 17. Bxf6 Bxf6 18. fxg4 Qxe4 19. Rf1 Bh4+ 20. Kd1 Rfc8 21. Qf4 Qe6 22. Nd4 Qd7 23. Qxf7+ Kh8 24. Ne6 Rg8 25. b3 d5 26. c5 d4 27. Bc4 d3 28. g5 Qc6 29. Qf4 Bxg5 30. Qxg5 Qe4 31. Qd2 Rb4 32. Qc3+ Rg7 33. Rf8# 1-0


[Site "https://www.chess.com"]

[Event "Titled Tuesday Blitz April 18 Early 2023"]
[White "Djordjevic, Vuk"]
[Black "Paravyan, David"]
[WhiteFideId "902098"]
[BlackFideId "4194985"]
[WhiteElo "2452"]
[BlackElo "2563"]
[Result "1/2-1/2"]
[Round "08"]
[TimeControl "180+2"]
[Date "2023.04.18"]
[WhiteClock "0:00:08"]
[BlackClock "0:00:19"]

1. d4 Nf6 2. Bg5 d5 3. Bxf6 gxf6 4. e3 c5 5. dxc5 e6 6. Nf3 Bxc5 7. c4 dxc4 8. Nbd2 O-O 9. Bxc4 Nc6 10. O-O f5 11. a3 Be7 12. b4 Bf6 13. Rc1 a5 14. b5 Ne5 15. Be2 Bd7 16. Nd4 a4 17. f4 Ng6 18. N2f3 Qb6 19. Rc4 Rac8 20. Qxa4 Rxc4 21. Qxc4 Rc8 22. Qb4 Be7 23. Qb2 Qa5 24. Ra1 Qc3 25. Qxc3 Rxc3 26. a4 Rxe3 27. Kf2 Rc3 28. g3 Bc5 29. a5 e5 30. fxe5 Nxe5 31. Ke1 Nxf3+ 32. Nxf3 Bxb5 33. Bxb5 Rxf3 34. a6 bxa6 35. Rxa6 f4 36. gxf4 Rxf4 37. Rh6 Kg7 38. Rh5 Bd4 39. Bd3 h6 40. h3 Bf6 41. Rf5 Rh4 42. Rf3 Bg5 43. Kf2 f6 44. Bf5 Kf8 45. Rd3 Rb4 46. Kg2 h5 47. Bg6 h4 48. Bf5 Rb5 49. Rf3 Ke7 50. Bg4 Rb4 51. Rf5 Bf4 52. Kf3 Be5 53. Rh5 Bg3 54. Rf5 Rb3+ 55. Kg2 Rb2+ 56. Kf3 Ra2 57. Rd5 Rf2+ 58. Ke4 Bd6 59. Rh5 Rf4+ 60. Ke3 Rb4 61. Rh7+ Kf8 62. Bf5 Bf4+ 63. Kd3 Bg5 64. Bg4 Rf4 65. Rd7 f5 66. Bh5 Rf2 67. Kc3 Be7 68. Rd5 Kg7 69. Kd4 Bf6+ 70. Ke3 Rh2 71. Kf4 Rxh3 72. Kxf5 Re3 73. Rd2 Be5 74. Bg4 h3 75. Bxh3 Bg3 76. Bg2 Re5+ 77. Kg4 Be1 78. Rc2 Bb4 79. Kf3 Bc5 80. Re2 Rg5 81. Ke4 Kf6 82. Kd3 Bd6 83. Be4 Bf4 84. Rf2 Ke5 85. Re2 Rg3+ 86. Kc4 Be3 87. Bd3 Rg4+ 88. Kc3 Kf4 89. Ra2 Rg7 90. Ra4+ Kf3 91. Be4+ Kg3 92. Kd3 Bf2 93. Ra5 Rd7+ 94. Rd5 Rf7 95. Rf5 Rd7+ 96. Rd5 Ra7 97. Rg5+ Kh4 98. Rg2 Ra3+ 99. Kc4 Bg3 100. Kd5 Kg5 101. Re2 Kf4 102. Bc2 Ra5+ 103. Kc4 Ra7 104. Bd3 Rc7+ 105. Kb3 Kf3 106. Re6 Rc5 107. Bc4 Bf2 108. Kb4 Rf5 109. Kc3 Rf4 110. Bd5+ Kg3 111. Rg6+ Kh4 112. Be6 Bc5 113. Rg4+ Rxg4 114. Bxg4 1/2-1/2


[Site "https://www.chess.com"]

[Event "Titled Tuesday Blitz April 18 Early 2023"]
[White "Zhigalko_Sergei"]
[Black "Korchmar, Vasiliy"]
[BlackFideId "24131750"]
[WhiteElo "2917"]
[BlackElo "2370"]
[Result "1-0"]
[Round "08"]
[TimeControl "180+2"]
[Date "2023.04.18"]
[WhiteClock "0:00:15"]
[BlackClock "0:00:04"]

1. e4 c5 2. Nf3 d6 3. d4 cxd4 4. Qxd4 Nc6 5. Bb5 a6 6. Bxc6+ bxc6 7. c4 e5 8. Qd3 Nf6 9. O-O Qc7 10. Rd1 h6 11. b3 Be6 12. Bb2 Nd7 13. Ba3 Rd8 14. Bxd6 Nc5 15. Bxc7 Rxd3 16. Rxd3 Nxd3 17. Nxe5 Nxf2 18. Kxf2 Bc5+ 19. Kf3 Bd4 20. Nc3 Bxc3 21. Rd1 O-O 22. Nxc6 f5 23. Ne7+ Kh7 24. exf5 Rf7 25. Bf4 Bxf5 26. Nxf5 Rxf5 27. Ke4 Rf7 28. Rd5 Bb4 29. h4 a5 30. g4 Re7+ 31. Be5 Bc3 32. h5 g6 33. c5 gxh5 34. gxh5 1-0


[Site "https://www.chess.com"]

[Event "Titled Tuesday Blitz April 18 Early 2023"]
[White "Amilal Munkhdalai"]
[Black "Daneshvar, Bardiya"]
[WhiteFideId "4903250"]
[BlackFideId "12576468"]
[WhiteElo "2293"]
[BlackElo "2468"]
[Result "0-1"]
[Round "08"]
[TimeControl "180+2"]
[Date "2023.04.18"]
[WhiteClock "0:00:04"]
[BlackClock "0:01:05"]

1. e4 d6 2. d4 Nf6 3. Nc3 e5 4. Nf3 exd4 5. Nxd4 Nc6 6. Nxc6 bxc6 7. Bd3 g6 8. Qe2 Nd7 9. O-O Bg7 10. Bd2 O-O 11. Nd1 a5 12. Bc3 a4 13. Bxg7 Kxg7 14. a3 Qf6 15. Qd2 Nc5 16. Re1 Ne6 17. Qc3 Qxc3 18. Nxc3 Kf6 19. g3 Nd4 20. Kg2 Be6 21. f4 Rfb8 22. Rab1 Rb7 23. e5+ Ke7 24. Kf2 Ra5 25. exd6+ cxd6 26. Re4 c5 27. Ree1 Kd8 28. Be4 Rb8 29. Ke3 d5 30. Bd3 Nc6 31. Kd2 Kc7 32. Bf1 c4 33. Bg2 Kd6 34. Ne2 Rab5 35. Kc1 Kc5 36. Nc3 Ra5 37. Rd1 Ne7 38. Ne2 Nf5 39. Rd2 h5 40. Bh3 Ng7 41. Bxe6 Nxe6 42. Nc3 d4 43. Ne4+ Kd5 44. Nf6+ Kc6 45. Ne4 Rab5 46. Nf6 c3 47. Rd3 Rxb2 48. Ra1 Rd8 49. Ne4 Nc5 50. Nxc5 Kxc5 51. Rb1 Rxb1+ 52. Kxb1 Re8 53. Rd1 Re2 54. Kc1 Kc4 55. Re1 Rxe1# 0-1


[Site "https://www.chess.com"]

[Event "Titled Tuesday Blitz April 18 Early 2023"]
[White "Dehtiarov, Roman"]
[Black "Anton Guijarro, David"]
[WhiteFideId "14186640"]
[BlackFideId "2285525"]
[WhiteElo "2189"]
[BlackElo "2618"]
[Result "1/2-1/2"]
[Round "08"]
[TimeControl "180+2"]
[Date "2023.04.18"]
[WhiteClock "0:00:04"]
[BlackClock "0:00:17"]

1. c4 c5 2. g3 Nc6 3. Bg2 g6 4. Nc3 Bg7 5. Nf3 d6 6. O-O Bf5 7. h3 Nf6 8. a3 O-O 9. d3 a6 10. Rb1 Rb8 11. b4 cxb4 12. axb4 b5 13. cxb5 axb5 14. e4 Bd7 15. d4 Qc8 16. Kh2 Nxd4 17. Nxd4 Qxc3 18. Bb2 Qc7 19. Rc1 Qb6 20. Nb3 Be6 21. Na5 Rfc8 22. Qd2 Bc4 23. Rfe1 Nd7 24. Bxg7 Kxg7 25. f4 Nf8 26. e5 dxe5 27. Rxe5 Ne6 28. f5 Qd4 29. Qxd4 Nxd4 30. fxg6 hxg6 31. Rxe7 Be6 32. Rec7 Rxc7 33. Rxc7 Rd8 34. g4 Ne2 35. Bf1 Rd2 36. Bxe2 Rxe2+ 37. Kg3 Rb2 38. Rc5 Rxb4 39. Nc6 Rb3+ 40. Kf4 Rxh3 41. Rxb5 Rh4 42. Nd8 Rxg4+ 43. Kf3 Ra4 44. Nxe6+ fxe6 45. Rb8 e5 46. Rb6 Kf7 47. Rc6 g5 48. Rb6 g4+ 49. Kg3 Rf4 50. Rc6 Ke7 51. Ra6 Rf6 52. Rxf6 Kxf6 53. Kxg4 Ke6 54. Kf3 Kd5 55. Ke3 e4 56. Ke2 e3 57. Kxe3 1/2-1/2


[Site "https://www.chess.com"]

[Event "Titled Tuesday Blitz April 18 Early 2023"]
[White "Demchenko, Anton"]
[Black "Ravi, Teja S."]
[WhiteFideId "4160258"]
[BlackFideId "5017220"]
[WhiteElo "2545"]
[BlackElo "2433"]
[Result "1-0"]
[Round "08"]
[TimeControl "180+2"]
[Date "2023.04.18"]
[WhiteClock "0:00:31"]
[BlackClock "0:00:16"]

1. e4 c6 2. d4 d5 3. e5 Bf5 4. Bd3 Bxd3 5. Qxd3 e6 6. c3 c5 7. Ne2 Nc6 8. O-O Rc8 9. a3 cxd4 10. cxd4 Nge7 11. Ng3 Ng6 12. Nc3 Be7 13. Be3 Nh4 14. b4 O-O 15. Rac1 Nb8 16. f4 g6 17. Bf2 h5 18. Nge2 Nf5 19. g3 Nd7 20. h3 Nb6 21. g4 Ng7 22. Ng3 Bh4 23. Nce2 hxg4 24. hxg4 Qd7 25. Kg2 Rxc1 26. Rxc1 Rc8 27. Rh1 Bxg3 28. Qxg3 Qb5 29. Ng1 Ne8 30. Qh3 Kf8 31. Qh8+ Ke7 32. Rh7 Qd3 33. Qg8 Rc7 34. Rxf7+ Kd8 35. Rxc7 Qe4+ 36. Nf3 Kxc7 37. Qxe8 Nc4 38. Qe7+ Kc8 39. Qxe6+ 1-0


[Site "https://www.chess.com"]

[Event "Titled Tuesday Blitz April 18 Early 2023"]
[White "Karthik Rajaa"]
[Black "Drygalov, Andrey"]
[WhiteFideId "25035215"]
[BlackFideId "24171735"]
[WhiteElo "2215"]
[BlackElo "2466"]
[Result "1-0"]
[Round "08"]
[TimeControl "180+2"]
[Date "2023.04.18"]
[WhiteClock "0:00:10"]
[BlackClock "0:00:05"]

1. Nf3 d5 2. d4 Nf6 3. c3 Bf5 4. Qb3 Qc8 5. c4 e6 6. cxd5 exd5 7. Nc3 c6 8. Bf4 Be7 9. Rc1 a6 10. Na4 Nbd7 11. h3 O-O 12. Nc3 b5 13. g4 Be6 14. Bg2 Nb6 15. Ne5 Nc4 16. Qc2 Nd7 17. Nxd7 Qxd7 18. b3 Nd6 19. O-O h5 20. e4 dxe4 21. Nxe4 Nxe4 22. Qxe4 hxg4 23. hxg4 Bd5 24. Qf5 Qxf5 25. gxf5 Bxg2 26. Kxg2 Rac8 27. Kf3 Rfd8 28. Be3 Ba3 29. Rc2 Rd5 30. Kg4 f6 31. Rh1 Kf7 32. Rh5 Rc7 33. Rh8 Bf8 34. Rh1 Ba3 35. Rh8 Bf8 36. Rh1 Ke8 37. Rhc1 Kd7 38. Rh1 Rc8 39. Rh8 a5 40. a4 Ke7 41. axb5 Rxb5 42. d5 Rxd5 43. Bc5+ Kf7 44. Bxf8 Rxf8 45. Rxf8+ Kxf8 46. Rxc6 Rb5 47. Ra6 Kg8 48. f4 Kh7 49. Ra8 Rd5 50. Rb8 Rd1 51. Kf3 Rd5 52. Ke4 Rc5 53. Ra8 Rb5 54. Ra7 Rb4+ 55. Kd5 Rxb3 56. Rxa5 Rb7 57. Ke4 Rb3 58. Rd5 Rc3 59. Rd1 Rc8 60. Rh1+ Kg8 61. Kf3 Kf7 62. Kg4 Rc4 63. Rd1 Ke7 64. Re1+ Kf7 65. Rh1 Rc7 66. Ra1 Ke7 67. Ra6 Kd7 68. Ra3 Ke7 69. Re3+ Kf7 70. Rd3 Rc5 71. Rd7+ Kg8 72. Rc7 Kh7 73. Rxc5 1-0


[Site "https://www.chess.com"]

[Event "Titled Tuesday Blitz April 18 Early 2023"]
[White "Rustemov, Alexander"]
[Black "Pajeken, Jakob Leon"]
[WhiteFideId "4119002"]
[BlackFideId "12942839"]
[WhiteElo "2869"]
[BlackElo "2414"]
[Result "1-0"]
[Round "08"]
[TimeControl "180+2"]
[Date "2023.04.18"]
[WhiteClock "0:01:05"]
[BlackClock "0:00:19"]

1. d4 d5 2. c4 dxc4 3. Nf3 Nf6 4. e3 e6 5. Bxc4 c5 6. O-O Nc6 7. dxc5 Qxd1 8. Rxd1 Bxc5 9. a3 O-O 10. b4 Be7 11. Bb2 Bd7 12. Nbd2 Rac8 13. Rac1 Rfd8 14. Kf1 Kf8 15. Ke2 Ne8 16. Ne4 f6 17. g4 a6 18. h3 b5 19. Bd3 Nc7 20. Nc5 Bxc5 21. Rxc5 Ne7 22. Rdc1 Ncd5 23. Nd2 Nb6 24. Nb3 Na4 25. Rxc8 Rxc8 26. Rxc8+ Bxc8 27. Ba1 e5 28. f4 exf4 29. exf4 Nd5 30. Kf3 h5 31. Bd4 hxg4+ 32. hxg4 Nc7 33. Nc5 Ne6 34. Nxe6+ Bxe6 35. f5 Bd5+ 36. Kf4 Ke7 37. g5 fxg5+ 38. Kxg5 Kf7 39. Be2 Bc4 40. Bh5+ Kg8 41. Bf3 Kf7 42. Bb7 Kg8 43. Bxa6 Kf7 44. Bb7 Kg8 45. Bf3 Kf7 46. Bh5+ Kg8 47. Be8 Kf8 48. Bd7 Ke7 49. Bc6 Kf7 50. Kf4 g6 51. f6 Be6 52. Bxb5 1-0


[Site "https://www.chess.com"]

[Event "Titled Tuesday Blitz April 18 Early 2023"]
[White "Gubajdullin, Alexei"]
[Black "Movahed, Sina"]
[WhiteFideId "4141202"]
[BlackFideId "42520835"]
[WhiteElo "2279"]
[BlackElo "2225"]
[Result "0-1"]
[Round "08"]
[TimeControl "180+2"]
[Date "2023.04.18"]
[WhiteClock "0:00:11"]
[BlackClock "0:00:18"]

1. c4 Nf6 2. Nf3 g6 3. b4 Bg7 4. Bb2 O-O 5. e3 d6 6. Be2 e5 7. d3 Re8 8. O-O c6 9. Nc3 d5 10. cxd5 cxd5 11. Na4 d4 12. exd4 exd4 13. Bxd4 Nc6 14. Bc3 Qe7 15. Re1 Nxb4 16. Bf1 Qf8 17. Qb3 Rxe1 18. Rxe1 Nbd5 19. Bb2 b6 20. Ba3 Qd8 21. Ne5 Be6 22. Nc6 Qd7 23. Nd4 Nf4 24. Nxe6 Nxe6 25. Bb2 Nd5 26. Bxg7 Kxg7 27. Nc3 Nf6 28. Ne4 Nxe4 29. dxe4 Qd4 30. e5 Rc8 31. g3 Rc3 32. Qd1 Qxd1 33. Rxd1 Rc2 34. Rd7 Rc7 35. Rxc7 Nxc7 36. Bc4 b5 37. Bb3 a5 38. f4 a4 39. Bc2 Nd5 40. Kf2 Nc3 41. a3 b4 42. axb4 a3 43. Bb3 a2 44. Bxa2 Nxa2 45. b5 Kf8 46. Ke3 Nc3 47. b6 Nd5+ 48. Kd4 Nxb6 49. Kc5 Nc8 50. g4 Ke7 51. f5 gxf5 52. gxf5 f6 53. Kd5 Nb6+ 54. Ke4 fxe5 55. Kxe5 Nd7+ 56. Kf4 Kf6 57. Kg4 Ne5+ 58. Kh5 Nf7 59. h4 h6 60. Kg4 Nd6 61. Kh5 Nxf5 62. Kg4 Kg6 63. h5+ Kf6 64. Kf4 Ng7 65. Kg4 Ke5 66. Kh4 Kf4 67. Kh3 Nxh5 68. Kh4 Nf6 69. Kh3 Kg5 70. Kg3 h5 71. Kh3 h4 72. Kg2 Ng4 73. Kh3 Nh6 74. Kg2 Kg4 75. Kh2 Nf5 76. Kg2 h3+ 77. Kh2 Kh4 78. Kg1 Kg3 79. Kh1 Nh6 80. Kg1 Ng4 81. Kh1 Nf2+ 82. Kg1 h2+ 83. Kf1 h1=Q+ 84. Ke2 Qf3+ 85. Kd2 Ne4+ 86. Kc1 Qe2 87. Kb1 Qd2 88. Ka1 Kf3 89. Kb1 Nc3+ 90. Ka1 Qc1# 0-1


[Site "https://www.chess.com"]

[Event "Titled Tuesday Blitz April 18 Early 2023"]
[White "Rodchenkov, Sergey D."]
[Black "Costachi, Mihnea"]
[WhiteFideId "4168712"]
[BlackFideId "1217518"]
[WhiteElo "2277"]
[BlackElo "2456"]
[Result "0-1"]
[Round "08"]
[TimeControl "180+2"]
[Date "2023.04.18"]
[WhiteClock "0:00:04"]
[BlackClock "0:00:06"]

1. e4 e5 2. Nf3 Nc6 3. Bc4 Bc5 4. O-O d6 5. d3 Nf6 6. c3 h6 7. Nbd2 a6 8. Bb3 Ba7 9. Bc2 g5 10. Nc4 g4 11. Ne1 h5 12. Be3 Qe7 13. Bxa7 Nxa7 14. Ne3 Bd7 15. f4 exf4 16. Rxf4 O-O-O 17. Qe2 Nh7 18. Qf2 Nc6 19. Rxf7 Qg5 20. d4 h4 21. Nd3 g3 22. Qf4 gxh2+ 23. Kxh2 Qh5 24. Bd1 Qb5 25. Be2 h3 26. g3 Ng5 27. c4 Qa5 28. b4 Qa3 29. Qxg5 Nxd4 30. Rxd7 Rxd7 31. Qg4 Nxe2 32. Qxe2 Rf7 33. Nf5 Kb8 34. Rf1 Qc3 35. Nf4 Re8 36. Nd5 Qe5 37. Rf4 c6 38. Nde3 d5 39. Ng4 Qc3 40. cxd5 cxd5 41. Rf3 Qxb4 42. Rf4 Rxe4 43. Rxe4 dxe4 44. Nfe3 Rd7 45. Kxh3 Rd2 46. Qf1 Qe7 47. Qf4+ Ka7 48. Nh6 Qd7+ 49. Nhf5 Qd3 50. g4 Re2 51. g5 Qb1 52. g6 Qh1+ 53. Kg4 Qg1+ 54. Ng3 Rxe3 55. g7 Rf3 56. Qxe4 Rxg3+ 0-1


[Site "https://www.chess.com"]

[Event "Titled Tuesday Blitz April 18 Early 2023"]
[White "Licznerski, Lukasz"]
[Black "Jumanov, Elbek"]
[WhiteFideId "1179250"]
[BlackFideId "14202905"]
[WhiteElo "2450"]
[BlackElo "2055"]
[Result "1-0"]
[Round "08"]
[TimeControl "180+2"]
[Date "2023.04.18"]
[WhiteClock "0:01:22"]
[BlackClock "0:01:23"]

1. e4 c5 2. Nf3 e6 3. d4 cxd4 4. Nxd4 Nf6 5. Nc3 d6 6. Bd3 Nc6 7. Nxc6 bxc6 8. O-O Qc7 9. b3 Be7 10. Bb2 O-O 11. f4 e5 12. fxe5 Ng4 13. Qf3 Nxe5 14. Qg3 a5 15. Ne2 a4 16. Bc4 Ba6 17. Bxa6 Rxa6 18. Nd4 axb3 19. axb3 Rfa8 20. Nf5 Bf8 21. Rxa6 Rxa6 22. Bxe5 dxe5 23. Nh6+ Kh8 24. Nxf7+ Kg8 25. Nh6+ 1-0


[Site "https://www.chess.com"]

[Event "Titled Tuesday Blitz April 18 Early 2023"]
[White "Arat, Ufuk Sezen"]
[Black "Samsonkin, Artiom"]
[WhiteFideId "6309089"]
[BlackFideId "13503111"]
[WhiteElo "2289"]
[BlackElo "2524"]
[Result "1-0"]
[Round "08"]
[TimeControl "180+2"]
[Date "2023.04.18"]
[WhiteClock "0:00:09"]
[BlackClock "0:00:04"]

1. e4 c5 2. Nf3 d6 3. d4 cxd4 4. Nxd4 Nf6 5. Nc3 g6 6. Be3 Bg7 7. f3 Nc6 8. Qd2 O-O 9. Bc4 Nxd4 10. Bxd4 Be6 11. Bb3 Qa5 12. O-O b5 13. Rad1 b4 14. Ne2 Rac8 15. Nc1 Bxb3 16. cxb3 Rfd8 17. a3 e5 18. axb4 Qc7 19. Bf2 d5 20. exd5 Nxd5 21. Nd3 Nf4 22. Qe3 Qd7 23. Nc5 Qxd1 24. Rxd1 Rxd1+ 25. Be1 Ne6 26. h4 Nd4 27. Kh2 Nc2 28. Qe2 Rxe1 29. Qxc2 Rd8 30. Nb7 Rdd1 31. Qc8+ Bf8 32. Nc5 Kg7 33. h5 Rh1+ 34. Kg3 gxh5 35. Ne4 h4+ 36. Kg4 h5+ 37. Kxh5 h3 38. Qg4+ Kh8 39. gxh3 Rdg1 40. Qf5 Bg7 41. Ng5 Rxg5+ 42. Kxg5 Rg1+ 43. Kh4 f6 44. Qc8+ Kh7 45. Qf5+ Kg8 46. f4 Rf1 47. Qc8+ Kh7 48. fxe5 fxe5 49. Qc2+ Kh8 50. Kg3 Rf4 51. b5 Kg8 52. Qc8+ Kh7 53. Qb7 Rf6 54. Qxa7 e4 55. b6 Rf3+ 56. Kg2 Rxb3 57. b7 Rxb2+ 58. Kg3 Rb3+ 59. Kf4 e3 60. b8=Q 1-0


[Site "https://www.chess.com"]

[Event "Titled Tuesday Blitz April 18 Early 2023"]
[White "Rios Escobar, Adan"]
[Black "Shimanov, Aleksandr"]
[WhiteFideId "3403645"]
[BlackFideId "4198603"]
[WhiteElo "2485"]
[BlackElo "2631"]
[Result "0-1"]
[Round "08"]
[TimeControl "180+2"]
[Date "2023.04.18"]
[WhiteClock "0:00:02"]
[BlackClock "0:00:38"]

1. d4 g6 2. g3 Bg7 3. Bg2 d6 4. e4 Nf6 5. Ne2 O-O 6. O-O c5 7. dxc5 dxc5 8. e5 Ng4 9. f4 Qb6 10. Nbc3 c4+ 11. Qd4 Qxd4+ 12. Nxd4 a6 13. h3 Nh6 14. g4 f6 15. exf6 exf6 16. f5 gxf5 17. gxf5 Nf7 18. Bd5 Kh8 19. Ne6 Rg8 20. Nc7 Bf8+ 21. Kh1 Ra7 22. Bxf7 Rg7 23. Be6 Rxc7 24. Bf4 b5 25. Bxc7 Rxc7 26. Bxc8 Rxc8 27. Rad1 Nc6 28. Nd5 Kg7 29. Nf4 Kf7 30. Rd7+ Be7 31. Nd5 Ke8 32. Rxe7+ Nxe7 33. Re1 Rc5 34. Nxe7 Kf7 35. c3 a5 36. Kg2 b4 37. Kf3 bxc3 38. bxc3 a4 39. Kf4 a3 40. Re4 Kf8 41. Ke3 Rb5 42. Kd4 Rb2 43. Kd5 Rxa2 44. Ke6 Rb2 45. Rxc4 Rb6+ 46. Kd7 Rb7+ 47. Kd6 Ra7 48. Nc6 Ra6 49. Rb4 a2 50. Rb8+ Kg7 51. Rb7+ Kh6 52. Rf7 a1=Q 53. Rxf6+ Kg5 54. Re6 Qxc3 55. Kd7 Qd3+ 56. Rd6 Qxf5+ 57. Kc7 Qxh3 58. Rd5+ Kf4 59. Ne7 Qe6 60. Rd7 Ra7+ 61. Kd8 Qxd7# 0-1


[Site "https://www.chess.com"]

[Event "Titled Tuesday Blitz April 18 Early 2023"]
[White "Shuvalova, Polina"]
[Black "Bryant, John Daniel"]
[WhiteFideId "24171760"]
[BlackFideId "2031280"]
[WhiteElo "2281"]
[BlackElo "2455"]
[Result "1-0"]
[Round "08"]
[TimeControl "180+2"]
[Date "2023.04.18"]
[WhiteClock "0:00:23"]
[BlackClock "0:00:01"]

1. e4 e5 2. Nf3 Nc6 3. Bc4 Bc5 4. d3 Nf6 5. O-O O-O 6. c3 d5 7. exd5 Nxd5 8. Re1 Bg4 9. Nbd2 Nb6 10. h3 Bh5 11. Bb3 Kh8 12. Ne4 Bd6 13. g4 Bg6 14. Bg5 f6 15. Bh4 Qd7 16. Bg3 f5 17. Nxd6 cxd6 18. Nh4 f4 19. Nxg6+ hxg6 20. Bh4 d5 21. Qf3 Rae8 22. Bg5 Na5 23. Bc2 Nc6 24. Rad1 a5 25. h4 a4 26. Kg2 Qd6 27. a3 Qc5 28. Rh1 e4 29. dxe4 Ne5 30. Qh3 Qb5 31. h5 f3+ 32. Kg1 Kg8 33. hxg6 Nxg6 34. exd5 Ne5 35. Qh5 Qe2 36. Bh7+ 1-0


[Site "https://www.chess.com"]

[Event "Titled Tuesday Blitz April 18 Early 2023"]
[White "Ashraf, Artin"]
[Black "O`Gorman, Tom"]
[WhiteFideId "22514805"]
[BlackFideId "2508249"]
[WhiteElo "2188"]
[BlackElo "2271"]
[Result "0-1"]
[Round "08"]
[TimeControl "180+2"]
[Date "2023.04.18"]
[WhiteClock "0:00:02"]
[BlackClock "0:00:20"]

1. d4 Nf6 2. Nc3 d5 3. Bf4 c5 4. e3 cxd4 5. exd4 a6 6. Bd3 Nc6 7. Nce2 Bg4 8. c3 e6 9. f3 Bh5 10. Ng3 Bg6 11. N1e2 Bd6 12. O-O Rc8 13. Qd2 O-O 14. Bg5 Bxd3 15. Qxd3 h6 16. Be3 Na5 17. Rad1 Nc4 18. Bc1 Bc7 19. f4 Nd6 20. f5 exf5 21. Nxf5 Nfe4 22. Neg3 Nxg3 23. Nxg3 Qh4 24. Rf4 Qe7 25. Qf3 Ne4 26. Nf5 Qf6 27. Rg4 g6 28. Nxh6+ Kh7 29. Qxf6 Nxf6 30. Rh4 Kg7 31. Ng4 Nxg4 32. Rxg4 Rce8 33. Kf1 Bxh2 34. Rh4 Bg3 35. Bh6+ Kf6 36. Bxf8 Bxh4 37. Bd6 Kf5 38. g3 Bf6 39. Re1 Rxe1+ 40. Kxe1 Ke4 41. Ke2 Bg5 42. b3 Bc1 43. Bc7 f5 44. Kd1 Be3 45. Be5 g5 46. c4 Bxd4 47. Bd6 dxc4 48. bxc4 Be5 49. Be7 g4 50. Bh4 Kf3 51. c5 Bxg3 52. Be7 Be5 0-1


[Site "https://www.chess.com"]

[Event "Titled Tuesday Blitz April 18 Early 2023"]
[White "Sadykov, Ramil"]
[Black "Galchenko, Matvey"]
[WhiteFideId "24113590"]
[BlackFideId "24175480"]
[WhiteElo "2245"]
[BlackElo "2423"]
[Result "0-1"]
[Round "08"]
[TimeControl "180+2"]
[Date "2023.04.18"]
[WhiteClock "0:00:01"]
[BlackClock "0:00:09"]

1. e4 e6 2. d4 d5 3. Nc3 Bb4 4. e5 Ne7 5. a3 Bxc3+ 6. bxc3 c5 7. Qg4 cxd4 8. Qxg7 Rg8 9. Qxh7 Qc7 10. Ne2 Nbc6 11. f4 Bd7 12. h4 dxc3 13. h5 O-O-O 14. Qd3 d4 15. Nxd4 Nxd4 16. Qxd4 Nf5 17. Qxa7 Qc6 18. Be3 Qa4 19. Bd3 Nxe3 20. Qxe3 Rxg2 21. Be4 Rg4 22. Qxc3+ Bc6 23. Bxc6 bxc6 24. Qf3 Rxf4 25. Kf2 Qxc2+ 26. Kg3 Rxf3+ 27. Kxf3 Qf5+ 28. Kg2 Rd2+ 29. Kg3 Rd3+ 30. Kh4 Rd4+ 31. Kg3 Rg4+ 32. Kh2 Qxh5# 0-1


[Site "https://www.chess.com"]